[ AOE2 MATCH · #483649860 ]
Team RMEthiopians vs Poles
[ REPLAY ANALYSIS · EXTRACTED FROM THE RECORDED GAME ]
Feudal
10:08
Castle
23:16
Imperial
35:42
| APM avg | 33.9 |
| APM peak | 62 |
| eAPM avg | 20.8 |
| Villagers / military | 127 / 190 |
Focus
⚔️ 27.2% · 🌾 72.8%
Archer ×156 · Bombard Cannon ×13 · Spearman ×11 · Militia ×8 · Monk ×1 · Trebuchet (Packed) ×1
Feudal
11:29
Castle
15:00
Imperial
34:03
| APM avg | 58.1 |
| APM peak | 100 |
| eAPM avg | 27.9 |
| Villagers / military | 134 / 163 |
Focus
⚔️ 31.1% · 🌾 68.9%
Conquistador ×148 · Trebuchet (Packed) ×15 · Trade Cart ×1
Feudal
9:54
Castle
20:42
Imperial
37:51
| APM avg | 29.1 |
| APM peak | 84 |
| eAPM avg | 11.3 |
| Villagers / military | 77 / 2 |
Focus
⚔️ 29.7% · 🌾 70.3%
Unknown (2579) ×62 · Unknown (2550) ×6 · Mangonel ×1 · Trebuchet (Packed) ×1
Feudal
9:40
Castle
21:09
Imperial
38:11
| APM avg | 33.4 |
| APM peak | 75 |
| eAPM avg | 21.1 |
| Villagers / military | 174 / 269 |
Focus
⚔️ 25.8% · 🌾 74.2%
Scout Cavalry ×156 · Knight ×108 · Trebuchet (Packed) ×5
Match map
Initial resources + every placement click. Lines = walls · curves = elevation contours. ◆ gold · ⬟ stone · ● berries · ✦ relic · ◌ wall gap
Your base· ✓ Closed at 23:16 · 6t walls · 1 gate(s)
sufran_GG's base· ✓ Closed at 15:00 · 0t walls · 1 gate(s)
Douglas's base· ✓ Closed at 20:42 · 12t walls · 1 gate(s)
蟾蜍's base· ✓ Closed at 21:09 · 0t walls · 1 gate(s)
Smoothed initial terrain · ◌ = detected wall gap · hover for details
Inputs per minute
— Chicle - - sufran_GG
Build order — Chicle
First 150 of 419 actions detected
| 0:01 | Create | Villager (Male) |
| 0:02 | Create | Villager (Male) |
| 0:02 | Create | Villager (Male) |
| 0:03 | Build | House |
| 0:07 | Build | House |
| 0:17 | Create | Villager (Male) |
| 1:34 | Create | Villager (Male) |
| 2:00 | Create | Villager (Male) |
| 2:06 | Build | Lumber Camp |
| 2:26 | Create | Villager (Male) |
| 3:11 | Create | Villager (Male) |
| 3:31 | Build | House |
| 3:41 | Create | Villager (Male) |
| 4:09 | Create | Villager (Male) |
| 4:14 | Build | House |
| 4:22 | Create | Villager (Male) |
| 4:43 | Build | Mill |
| 4:48 | Build | Palisade Wall |
| 5:03 | Create | Villager (Male) |
| 5:03 | Create | Villager (Male) |
| 5:03 | Create | Villager (Male) |
| 5:03 | Create | Villager (Male) |
| 5:04 | Create | Villager (Male) |
| 5:04 | Create | Villager (Male) |
| 5:55 | Create | Villager (Male) |
| 6:03 | Build | Palisade Gate |
| 6:07 | Build | Palisade Wall |
| 6:15 | Create | Villager (Male) |
| 6:32 | Create | Villager (Male) |
| 7:13 | Build | Mining Camp |
| 7:57 | Research | Feudal Age |
| 7:57 | Research | Feudal Age |
| 7:58 | Research | Feudal Age |
| 8:47 | Build | Barracks |
| 9:21 | Build | House |
| 9:53 | Create | Villager (Male) |
| 9:53 | Create | Villager (Male) |
| 10:01 | Build | House |
| 10:08 | Age | Feudal Age |
| 10:12 | Build | Archery Range |
| 10:20 | Build | House |
| 10:22 | Create | Militia |
| 10:22 | Create | Militia |
| 10:30 | Create | Militia |
| 10:38 | Research | Double-Bit Axe |
| 10:45 | Research | Horse Collar |
| 10:45 | Research | Horse Collar |
| 10:53 | Create | Villager (Male) |
| 11:20 | Create | Archer |
| 11:25 | Build | House |
| 11:28 | Create | Villager (Male) |
| 11:37 | Research | Man-at-Arms (upgrade) |
| 11:38 | Create | Villager (Male) |
| 12:12 | Create | Militia |
| 12:15 | Create | Archer |
| 12:15 | Create | Archer |
| 12:22 | Build | Blacksmith |
| 12:52 | Create | Spearman |
| 13:06 | Research | Fletching |
| 13:10 | Build | Farm |
| 13:11 | Build | Farm |
| 13:19 | Create | Villager (Male) |
| 13:28 | Create | Villager (Male) |
| 13:40 | Create | Archer |
| 13:42 | Create | Spearman |
| 13:55 | Create | Spearman |
| 14:03 | Create | Militia |
| 14:28 | Create | Militia |
| 14:32 | Create | Archer |
| 14:33 | Create | Archer |
| 14:50 | Create | Militia |
| 15:37 | Create | Archer |
| 15:42 | Build | Farm |
| 15:43 | Build | Farm |
| 15:46 | Build | Farm |
| 15:48 | Build | Farm |
| 16:02 | Create | Archer |
| 16:05 | Build | Archery Range |
| 16:09 | Create | Villager (Male) |
| 16:16 | Build | House |
| 16:19 | Research | Gold Mining |
| 16:20 | Create | Villager (Male) |
| 16:22 | Build | Farm |
| 16:25 | Build | House |
| 16:42 | Create | Archer |
| 16:45 | Create | Villager (Male) |
| 16:47 | Build | Farm |
| 17:31 | Build | Farm |
| 17:32 | Build | Farm |
| 17:34 | Create | Villager (Male) |
| 17:38 | Research | Wheelbarrow |
| 17:43 | Build | Farm |
| 17:44 | Build | Farm |
| 17:46 | Build | Farm |
| 17:48 | Build | Farm |
| 17:57 | Create | Archer |
| 18:00 | Create | Archer |
| 18:13 | Build | Farm |
| 18:27 | Create | Villager (Male) |
| 18:31 | Create | Archer |
| 18:48 | Create | Villager (Male) |
| 19:03 | Build | Market |
| 19:37 | Build | House |
| 20:36 | Research | Castle Age |
| 20:37 | Research | Castle Age |
| 20:39 | Create | Archer |
| 21:46 | Create | Archer |
| 21:47 | Create | Archer |
| 21:55 | Research | Padded Archer Armor |
| 22:59 | Create | Spearman |
| 23:07 | Create | Spearman |
| 23:16 | Age | Castle Age |
| 23:17 | Research | Crossbowman (upgrade) |
| 23:17 | Research | Crossbowman (upgrade) |
| 23:18 | Research | Bodkin Arrow |
| 23:19 | Research | Bodkin Arrow |
| 23:22 | Create | Archer |
| 23:31 | Build | Town Center |
| 23:38 | Build | Town Center |
| 23:42 | Create | Villager (Male) |
| 23:47 | Research | Loom |
| 23:48 | Research | Loom |
| 23:48 | Create | Villager (Male) |
| 23:48 | Create | Villager (Male) |
| 24:34 | Create | Archer |
| 24:43 | Create | Archer |
| 24:43 | Create | Archer |
| 24:43 | Create | Archer |
| 24:44 | Create | Villager (Male) |
| 24:44 | Create | Villager (Male) |
| 24:45 | Create | Villager (Male) |
| 24:45 | Create | Villager (Male) |
| 24:45 | Create | Villager (Male) |
| 24:50 | Build | Lumber Camp |
| 24:51 | Research | Bow Saw |
| 24:53 | Create | Villager (Male) |
| 24:56 | Create | Villager (Male) |
| 25:00 | Build | House |
| 25:00 | Build | House |
| 25:00 | Build | House |
| 25:01 | Build | House |
| 25:01 | Build | House |
| 25:16 | Research | Forging |
| 25:19 | Build | House |
| 25:21 | Create | Villager (Male) |
| 25:28 | Build | Mill |
| 25:31 | Create | Villager (Male) |
| 25:36 | Create | Villager (Male) |
| 25:39 | Build | Farm |
| 25:39 | Create | Villager (Male) |
Build order — sufran_GG
First 150 of 486 actions detected
| 0:02 | Create | Villager (Male) |
| 0:02 | Create | Villager (Male) |
| 0:04 | Build | House |
| 0:06 | Build | House |
| 0:14 | Create | Villager (Male) |
| 0:17 | Create | Villager (Male) |
| 1:31 | Create | Villager (Male) |
| 1:48 | Create | Villager (Male) |
| 2:14 | Build | Lumber Camp |
| 2:38 | Create | Villager (Male) |
| 2:53 | Create | Villager (Male) |
| 3:04 | Create | Villager (Male) |
| 3:36 | Create | Villager (Male) |
| 3:50 | Create | Villager (Male) |
| 4:20 | Build | House |
| 4:39 | Create | Villager (Male) |
| 4:47 | Create | Villager (Male) |
| 4:52 | Create | Villager (Male) |
| 5:04 | Create | Villager (Male) |
| 5:18 | Build | House |
| 5:26 | Create | Villager (Male) |
| 5:31 | Create | Villager (Male) |
| 5:46 | Create | Villager (Male) |
| 5:50 | Build | Mill |
| 6:01 | Build | House |
| 7:31 | Create | Villager (Male) |
| 7:54 | Create | Villager (Male) |
| 8:17 | Create | Villager (Male) |
| 8:19 | Research | Loom |
| 8:36 | Research | Feudal Age |
| 8:52 | Build | Mining Camp |
| 9:00 | Build | House |
| 10:42 | Create | Villager (Male) |
| 11:29 | Age | Feudal Age |
| 11:37 | Build | Blacksmith |
| 11:49 | Build | Market |
| 11:55 | Create | Villager (Male) |
| 12:05 | Build | Mining Camp |
| 12:14 | Research | Castle Age |
| 12:51 | Build | Palisade Gate |
| 12:56 | Create | Villager (Male) |
| 13:06 | Create | Villager (Male) |
| 13:55 | Research | Double-Bit Axe |
| 14:01 | Research | Gold Mining |
| 14:02 | Research | Gold Mining |
| 14:49 | Build | Farm |
| 15:00 | Age | Castle Age |
| 15:05 | Create | Villager (Male) |
| 15:32 | Create | Villager (Male) |
| 15:41 | Build | Town Center |
| 15:44 | Create | Villager (Male) |
| 16:23 | Create | Villager (Male) |
| 16:28 | Build | Farm |
| 16:31 | Build | Farm |
| 16:39 | Create | Villager (Male) |
| 16:42 | Create | Villager (Male) |
| 16:53 | Build | Farm |
| 17:07 | Create | Villager (Male) |
| 17:09 | Create | Villager (Male) |
| 17:11 | Build | Farm |
| 17:19 | Build | Castle |
| 17:32 | Research | Fletching |
| 17:35 | Research | Padded Archer Armor |
| 17:36 | Create | Villager (Male) |
| 17:37 | Create | Villager (Male) |
| 17:40 | Build | Farm |
| 17:45 | Research | Horse Collar |
| 17:45 | Research | Horse Collar |
| 17:48 | Build | Farm |
| 18:05 | Build | Farm |
| 18:06 | Create | Villager (Male) |
| 18:15 | Build | Farm |
| 18:24 | Create | Villager (Male) |
| 18:25 | Create | Villager (Male) |
| 18:35 | Build | Farm |
| 18:52 | Create | Villager (Male) |
| 18:57 | Create | Conquistador |
| 18:57 | Create | Conquistador |
| 18:57 | Create | Conquistador |
| 19:01 | Create | Villager (Male) |
| 19:04 | Build | Farm |
| 19:11 | Create | Villager (Male) |
| 19:30 | Create | Conquistador |
| 19:31 | Create | Conquistador |
| 19:33 | Create | Villager (Male) |
| 19:46 | Build | Mill |
| 19:54 | Create | Villager (Male) |
| 20:06 | Create | Villager (Male) |
| 20:06 | Create | Villager (Male) |
| 20:06 | Create | Villager (Male) |
| 20:07 | Create | Villager (Male) |
| 20:13 | Create | Conquistador |
| 20:13 | Create | Conquistador |
| 20:13 | Create | Conquistador |
| 20:15 | Create | Villager (Male) |
| 20:32 | Create | Villager (Male) |
| 20:35 | Create | Conquistador |
| 20:35 | Create | Conquistador |
| 20:36 | Create | Conquistador |
| 20:43 | Build | Farm |
| 20:43 | Build | Farm |
| 20:52 | Create | Villager (Male) |
| 20:53 | Create | Villager (Male) |
| 21:17 | Create | Conquistador |
| 21:17 | Create | Conquistador |
| 21:17 | Create | Conquistador |
| 21:18 | Create | Villager (Male) |
| 21:19 | Create | Villager (Male) |
| 21:34 | Create | Conquistador |
| 21:34 | Create | Conquistador |
| 21:35 | Create | Conquistador |
| 21:36 | Create | Villager (Male) |
| 21:45 | Create | Villager (Male) |
| 21:47 | Build | Farm |
| 21:50 | Build | Farm |
| 22:23 | Build | Town Center |
| 22:33 | Create | Conquistador |
| 22:33 | Create | Conquistador |
| 22:33 | Create | Conquistador |
| 22:42 | Create | Villager (Male) |
| 22:44 | Build | Farm |
| 22:46 | Build | House |
| 22:46 | Build | House |
| 22:58 | Create | Conquistador |
| 22:58 | Create | Conquistador |
| 22:58 | Create | Conquistador |
| 23:14 | Build | Farm |
| 23:14 | Build | Farm |
| 23:15 | Build | Farm |
| 23:19 | Create | Conquistador |
| 23:19 | Create | Conquistador |
| 23:24 | Create | Villager (Male) |
| 23:26 | Create | Villager (Male) |
| 23:26 | Create | Villager (Male) |
| 23:41 | Create | Villager (Male) |
| 23:57 | Build | Lumber Camp |
| 24:01 | Create | Trade Cart |
| 24:03 | Build | Farm |
| 24:21 | Create | Villager (Male) |
| 24:22 | Create | Villager (Male) |
| 24:23 | Create | Conquistador |
| 24:23 | Create | Conquistador |
| 24:23 | Create | Conquistador |
| 24:24 | Create | Conquistador |
| 24:41 | Create | Villager (Male) |
| 24:42 | Create | Villager (Male) |
| 24:43 | Create | Villager (Male) |
| 24:43 | Create | Villager (Male) |
| 24:58 | Build | Barracks |
| 25:14 | Create | Villager (Male) |
Build order — Douglas
First 150 of 239 actions detected
| 0:06 | Build | House |
| 0:08 | Build | House |
| 0:09 | Create | Villager (Male) |
| 0:09 | Create | Villager (Male) |
| 0:10 | Create | Villager (Male) |
| 0:10 | Create | Villager (Male) |
| 1:28 | Create | Villager (Male) |
| 2:07 | Research | Loom |
| 2:09 | Create | Villager (Male) |
| 2:16 | Create | Villager (Male) |
| 2:17 | Create | Villager (Male) |
| 2:42 | Create | Villager (Male) |
| 3:04 | Create | Villager (Male) |
| 3:47 | Build | Barracks |
| 3:58 | Build | Settlement |
| 4:20 | Create | Villager (Male) |
| 4:20 | Create | Villager (Male) |
| 4:21 | Create | Villager (Male) |
| 4:58 | Research | Loom |
| 4:59 | Create | Villager (Male) |
| 5:21 | Create | Villager (Male) |
| 5:42 | Create | Villager (Male) |
| 6:14 | Build | Settlement |
| 6:43 | Create | Villager (Male) |
| 7:07 | Create | Villager (Male) |
| 7:29 | Build | Palisade Wall |
| 7:44 | Research | Feudal Age |
| 8:20 | Build | Palisade Gate |
| 8:46 | Create | Villager (Male) |
| 8:47 | Create | Villager (Male) |
| 9:03 | Build | Barracks |
| 9:54 | Age | Feudal Age |
| 10:20 | Create | Villager (Male) |
| 10:24 | Create | Unit 2550 |
| 10:26 | Research | Tech 1402 |
| 10:27 | Research | Arson |
| 10:53 | Build | Market |
| 10:58 | Create | Villager (Male) |
| 11:05 | Create | Unit 2550 |
| 11:21 | Build | House |
| 11:22 | Build | House |
| 12:13 | Create | Unit 2550 |
| 12:30 | Create | Villager (Male) |
| 12:44 | Research | Wheelbarrow |
| 12:48 | Create | Unit 2550 |
| 12:58 | Build | Blacksmith |
| 13:04 | Build | Farm |
| 13:07 | Build | Farm |
| 13:19 | Create | Villager (Male) |
| 13:44 | Create | Villager (Male) |
| 13:51 | Create | Villager (Male) |
| 14:08 | Create | Villager (Male) |
| 14:21 | Build | Farm |
| 14:21 | Build | Farm |
| 14:22 | Build | Farm |
| 14:23 | Build | Farm |
| 15:53 | Create | Villager (Male) |
| 15:59 | Build | Farm |
| 16:08 | Build | Farm |
| 16:09 | Build | Farm |
| 16:10 | Build | Farm |
| 16:12 | Build | Farm |
| 16:13 | Build | Farm |
| 16:16 | Create | Villager (Male) |
| 16:33 | Build | Settlement |
| 17:37 | Create | Villager (Male) |
| 17:38 | Research | Castle Age |
| 17:47 | Research | Double-Bit Axe |
| 18:01 | Research | Horse Collar |
| 18:07 | Research | Horse Collar |
| 18:18 | Build | Settlement |
| 18:43 | Create | Villager (Male) |
| 19:25 | Research | Stone Mining |
| 20:33 | Create | Villager (Male) |
| 20:34 | Create | Villager (Male) |
| 20:35 | Create | Villager (Male) |
| 20:42 | Create | Unit 2550 |
| 20:42 | Age | Castle Age |
| 21:19 | Build | Stone Wall |
| 21:25 | Create | Unit 2550 |
| 21:28 | Research | Squires |
| 21:29 | Research | Tech 1351 |
| 22:32 | Build | Siege Workshop |
| 22:54 | Create | Villager (Male) |
| 22:55 | Create | Villager (Male) |
| 22:55 | Create | Villager (Male) |
| 22:55 | Create | Villager (Male) |
| 23:04 | Create | Mangonel |
| 23:22 | Build | Castle |
| 24:20 | Create | Villager (Male) |
| 24:47 | Build | Gate |
| 25:03 | Create | Villager (Male) |
| 25:04 | Create | Villager (Male) |
| 25:05 | Create | Villager (Male) |
| 25:07 | Build | Farm |
| 25:21 | Research | Bow Saw |
| 25:42 | Create | Villager (Male) |
| 25:58 | Build | Farm |
| 26:16 | Build | Farm |
| 26:37 | Create | Villager (Male) |
| 26:45 | Build | Farm |
| 27:08 | Build | Settlement |
| 27:21 | Build | Farm |
| 27:27 | Create | Villager (Male) |
| 27:32 | Create | Unit 2579 |
| 27:33 | Create | Unit 2579 |
| 27:39 | Research | Fletching |
| 27:42 | Research | Padded Archer Armor |
| 27:47 | Create | Villager (Male) |
| 27:53 | Build | Farm |
| 28:06 | Build | Castle |
| 28:15 | Build | Settlement |
| 28:24 | Create | Unit 2579 |
| 28:45 | Create | Unit 2579 |
| 28:46 | Create | Unit 2579 |
| 28:51 | Research | Bodkin Arrow |
| 28:57 | Research | Gold Mining |
| 29:21 | Create | Unit 2579 |
| 29:22 | Create | Unit 2579 |
| 29:23 | Create | Unit 2579 |
| 29:25 | Create | Villager (Male) |
| 29:26 | Create | Villager (Male) |
| 29:51 | Create | Villager (Male) |
| 29:55 | Build | Town Center |
| 30:20 | Create | Unit 2579 |
| 30:20 | Create | Unit 2579 |
| 30:51 | Create | Unit 2579 |
| 30:51 | Create | Unit 2579 |
| 30:53 | Create | Unit 2579 |
| 30:53 | Create | Unit 2579 |
| 30:55 | Create | Villager (Male) |
| 31:03 | Build | Town Center |
| 31:05 | Create | Villager (Male) |
| 31:06 | Create | Villager (Male) |
| 31:15 | Build | University |
| 31:20 | Research | Heavy Plow |
| 31:31 | Research | Gold Shaft Mining |
| 31:41 | Research | Hand Cart |
| 31:55 | Create | Villager (Male) |
| 31:57 | Create | Villager (Male) |
| 32:09 | Create | Unit 2579 |
| 32:10 | Create | Unit 2579 |
| 32:20 | Create | Unit 2579 |
| 32:20 | Create | Unit 2579 |
| 32:59 | Research | Ballistics |
| 33:03 | Build | Farm |
| 33:04 | Build | Farm |
| 33:09 | Build | Farm |
| 33:12 | Build | Farm |
| 33:26 | Create | Villager (Male) |
Build order — 蟾蜍
First 150 of 539 actions detected
| 0:01 | Create | Villager (Male) |
| 0:02 | Create | Villager (Male) |
| 0:03 | Build | House |
| 0:05 | Build | House |
| 0:18 | Create | Villager (Male) |
| 0:19 | Create | Villager (Male) |
| 0:19 | Create | Villager (Male) |
| 1:44 | Create | Villager (Male) |
| 1:44 | Create | Villager (Male) |
| 2:10 | Create | Villager (Male) |
| 2:10 | Create | Villager (Male) |
| 2:10 | Create | Villager (Male) |
| 2:39 | Build | Lumber Camp |
| 2:46 | Create | Villager (Male) |
| 2:46 | Create | Villager (Male) |
| 2:47 | Create | Villager (Male) |
| 3:33 | Create | Villager (Male) |
| 3:33 | Create | Villager (Male) |
| 3:49 | Build | House |
| 4:22 | Build | House |
| 4:26 | Create | Villager (Male) |
| 4:27 | Create | Villager (Male) |
| 4:27 | Create | Villager (Male) |
| 4:36 | Build | House |
| 4:55 | Create | Villager (Male) |
| 4:55 | Create | Villager (Male) |
| 5:03 | Build | Palisade Gate |
| 5:14 | Create | Villager (Male) |
| 5:16 | Create | Villager (Male) |
| 6:30 | Build | Barracks |
| 7:30 | Research | Feudal Age |
| 8:43 | Create | Villager (Male) |
| 8:43 | Create | Villager (Male) |
| 8:44 | Create | Villager (Male) |
| 9:03 | Build | Mill |
| 9:12 | Build | Mill |
| 9:19 | Create | Villager (Male) |
| 9:19 | Create | Villager (Male) |
| 9:40 | Age | Feudal Age |
| 9:44 | Build | Stable |
| 10:17 | Research | Double-Bit Axe |
| 10:19 | Research | Horse Collar |
| 10:41 | Create | Scout Cavalry |
| 10:51 | Build | Blacksmith |
| 10:59 | Create | Villager (Male) |
| 11:09 | Create | Scout Cavalry |
| 11:17 | Build | House |
| 11:19 | Build | House |
| 11:28 | Build | House |
| 11:36 | Create | Scout Cavalry |
| 12:01 | Build | Farm |
| 12:04 | Build | Farm |
| 12:05 | Build | Farm |
| 12:10 | Build | Farm |
| 12:11 | Build | Farm |
| 12:12 | Build | Farm |
| 12:14 | Create | Villager (Male) |
| 12:15 | Create | Villager (Male) |
| 12:24 | Create | Scout Cavalry |
| 12:47 | Create | Villager (Male) |
| 12:55 | Create | Villager (Male) |
| 13:00 | Build | Lumber Camp |
| 13:04 | Build | Farm |
| 13:11 | Create | Scout Cavalry |
| 13:25 | Create | Scout Cavalry |
| 13:34 | Create | Villager (Male) |
| 13:54 | Build | Market |
| 14:07 | Create | Scout Cavalry |
| 14:26 | Create | Scout Cavalry |
| 14:39 | Create | Villager (Male) |
| 14:39 | Create | Villager (Male) |
| 14:40 | Create | Villager (Male) |
| 15:06 | Build | Mill |
| 15:07 | Build | Farm |
| 15:07 | Build | Farm |
| 15:08 | Build | Farm |
| 15:15 | Build | Farm |
| 15:16 | Build | Farm |
| 15:17 | Build | Farm |
| 15:19 | Build | Farm |
| 15:26 | Create | Villager (Male) |
| 15:50 | Build | Watch Tower |
| 15:58 | Create | Villager (Male) |
| 15:59 | Create | Villager (Male) |
| 16:09 | Build | Mining Camp |
| 16:17 | Create | Scout Cavalry |
| 16:46 | Create | Villager (Male) |
| 16:47 | Create | Villager (Male) |
| 16:47 | Create | Villager (Male) |
| 17:14 | Create | Villager (Male) |
| 18:19 | Research | Castle Age |
| 18:26 | Build | Mill |
| 18:27 | Build | Farm |
| 18:28 | Build | Farm |
| 18:29 | Build | Farm |
| 18:30 | Build | Farm |
| 18:30 | Build | Farm |
| 18:31 | Build | Farm |
| 18:33 | Build | Farm |
| 18:34 | Build | Farm |
| 19:44 | Research | Forging |
| 19:45 | Research | Scale Barding Armor |
| 20:39 | Research | Stone Mining |
| 20:41 | Research | Gold Mining |
| 21:09 | Age | Castle Age |
| 21:16 | Build | Town Center |
| 21:29 | Create | Villager (Male) |
| 21:30 | Create | Villager (Male) |
| 21:56 | Create | Villager (Male) |
| 22:09 | Build | Town Center |
| 22:19 | Create | Villager (Male) |
| 22:20 | Create | Villager (Male) |
| 22:36 | Create | Villager (Male) |
| 22:37 | Create | Villager (Male) |
| 23:08 | Create | Villager (Male) |
| 23:11 | Create | Villager (Male) |
| 23:22 | Build | Farm |
| 23:33 | Create | Villager (Male) |
| 23:48 | Build | Farm |
| 23:49 | Build | Farm |
| 23:56 | Create | Villager (Male) |
| 23:57 | Create | Villager (Male) |
| 24:04 | Create | Villager (Male) |
| 24:04 | Create | Villager (Male) |
| 24:23 | Create | Villager (Male) |
| 24:23 | Create | Villager (Male) |
| 24:24 | Create | Villager (Male) |
| 24:24 | Create | Villager (Male) |
| 24:26 | Create | Villager (Male) |
| 24:58 | Build | Castle |
| 25:05 | Create | Villager (Male) |
| 25:14 | Create | Villager (Male) |
| 25:14 | Create | Villager (Male) |
| 25:19 | Research | Gold Mining |
| 25:20 | Research | Stone Mining |
| 25:24 | Create | Villager (Male) |
| 25:28 | Build | Mining Camp |
| 25:32 | Research | Bow Saw |
| 25:35 | Research | Heavy Plow |
| 25:39 | Create | Villager (Male) |
| 25:39 | Create | Villager (Male) |
| 25:40 | Create | Villager (Male) |
| 25:40 | Create | Villager (Male) |
| 25:55 | Research | Light Cavalry (upgrade) |
| 25:56 | Research | Light Cavalry (upgrade) |
| 25:56 | Research | Bloodlines |
| 25:57 | Research | Husbandry |
| 25:57 | Research | Husbandry |
| 26:06 | Research | Iron Casting |
| 26:07 | Research | Chain Barding Armor |
Match timeline
| 3:47 | Douglas · first_building Barracks |
| 4:48 | Chicle · wall_segment Palisade Wall x5 |
| 6:07 | Chicle · wall_segment Palisade Wall x1 |
| 6:30 | 蟾蜍 · first_building Barracks |
| 7:29 | Douglas · wall_segment Palisade Wall x12 |
| 8:47 | Chicle · first_building Barracks |
| 9:40 | 蟾蜍 · age_up feudal |
| 9:44 | 蟾蜍 · first_building Stable |
| 9:54 | Douglas · age_up feudal |
| 10:08 | Chicle · age_up feudal |
| 10:12 | Chicle · first_building Archery Range |
| 11:29 | sufran_GG · age_up feudal |
| 15:00 | sufran_GG · age_up castle |
| 17:19 | sufran_GG · first_building Castle |
| 17:29 | sufran_GG · first_market_buy 100 food |
| 18:03 | 蟾蜍 · first_market_sell 100 wood |
| 20:29 | Chicle · first_market_buy 100 food |
| 20:42 | Douglas · age_up castle |
| 21:09 | 蟾蜍 · age_up castle |
| 21:19 | Douglas · wall_segment Stone Wall x12 |
| 22:11 | sufran_GG · first_market_sell 100 food |
| 22:32 | Douglas · first_building Siege Workshop |
| 22:53 | Douglas · first_market_sell 100 food |
| 23:02 | Douglas · first_market_buy 100 wood |
| 23:16 | Chicle · age_up castle |
| 23:22 | Douglas · first_building Castle |
| 24:40 | 蟾蜍 · first_market_buy 100 stone |
| 24:58 | sufran_GG · first_building Barracks |
| 24:58 | 蟾蜍 · first_building Castle |
| 25:40 | sufran_GG · first_building Stable |
| 31:02 | Chicle · first_building Monastery |
| 34:03 | sufran_GG · age_up imperial |
| 34:13 | Chicle · first_market_sell 500 wood |
| 35:23 | Chicle · first_building Siege Workshop |
| 35:42 | Chicle · age_up imperial |
| 37:51 | Douglas · age_up imperial |
| 38:11 | 蟾蜍 · age_up imperial |
| 38:28 | Chicle · first_building Castle |
| 47:21 | 蟾蜍 · resign |
[ AI ANALYSIS · 1 CREDIT ]
What really happened in this match?
Wolo.gg analyzes every decision: build order, eco, micro, common mistakes by bracket. Personalized analysis on WhatsApp or Discord in 30 seconds.
Civ guide
Ethiopians
Map guide
Glade
Perfil
Jugador #2785919